 Dungeon Crawl Stone Soup version 0.29.1-1-gd02db69 (webtiles) character file.

Game seed: 9050645915879806279

61 Promethias the Trooper (level 3, -10/33 HPs)
             Began as a Draconian Berserker on Dec 1, 2022.
             Was a Follower of Trog.
             Mangled by a gnoll
             ... wielding a +0 flail
              (11 damage)
             ... on level 2 of the Dungeon on Dec 5, 2022.
             The game lasted 00:15:05 (1401 turns).

Promethias the Trooper (Draconian Berserker)        Turns: 1401, Time: 00:15:06

Health: -10/33     AC:  5    Str: 21    XL:     3   Next: 83%
Magic:  3/3        EV: 12    Int:  7    God:    Trog [*.....]
Gold:   113        SH:  0    Dex: 10    Spells: 2/2 levels left

rFire   . . .      SeeInvis .   d - +0 trident
rCold   . . .      Faith    .   (no shield)
rNeg    . . .      Spirit   .   (body armour unavailable)
rPois   .          Reflect  .   (helmet restricted)
rElec   .          Harm     .   (no cloak)
rCorr   .          Rampage  .   (no gloves)
Will    ++...                   (no boots)
Stlth   +.........              (no amulet)
HPRegen 1.11/turn               (no ring)
MPRegen 0.08/turn               (no ring)

@: strong-willed (expiring), on berserk cooldown, regenerating (expiring),
slowed, very slow
A: AC +5, unfitting armour, cold-blooded
a: Renounce Religion, Berserk


You were on level 2 of the Dungeon.
You worshipped Trog.
Trog was aware of your devotion.
You visited 1 branch of the dungeon, and saw 2 of its levels.

You collected 113 gold pieces.

Inventory:

Hand Weapons
 a - a +0 falchion
 c - a +0 dagger
 d - a +0 trident (weapon)
 l - a +0 short sword
 m - a +0 whip
Armour
 g - a +0 ring mail
Scrolls
 b - a scroll of teleportation
 e - a scroll of silence
 i - a scroll of fog
 n - a scroll of enchant armour
Potions
 f - a potion of magic
 j - a potion of resistance {unknown}
 k - a potion of flight {unknown}


   Skills:
 + Level 3.8 Fighting
 + Level 3.8 Long Blades
 + Level 3.2 Dodging
 + Level 0.9 Stealth


You had 2 spell levels left.
You didn't know any spells.
Your spell library was empty.

Dungeon Overview and Level Annotations

Branches:
Dungeon (2/15)

Altars:


Innate Abilities, Weirdness & Mutations

Your plain brown scales are hard. (AC +5)
You cannot fit into any form of body armour.
You are cold-blooded and may be slowed by cold attacks.


Message History

* * * LOW HITPOINT WARNING * * *
You barely miss the gnoll.
You feel sick.
You are no longer poisoned.
The gnoll barely misses you. The gnoll closely misses you.
A gnoll comes into view. It is wielding a +0 club.
The adder bites you.
* * * LOW HITPOINT WARNING * * *
You closely miss the gnoll.
The gnoll shouts!
The gnoll barely misses you.
The gnoll hits you from afar with a +0 spear.
* * * LOW HITPOINT WARNING * * *
The adder bites you but does no damage.
You feel a strong urge to attack something.
The adder bites you but does no damage.
Found a scroll labelled QAEDEH XOMUURI.
You feel your anger nearly subside.
You are no longer berserk.
You are exhausted.
You feel yourself slow down.
The kobold shouts!
The kobold throws a stone.
The stone hits you but does no damage. The adder bites you.
The adder barely misses you. The adder barely misses you.
The gnoll attacks as you move away! The gnoll hits you with a +0 flail.
The adder bites you.
You feel the effects of Trog's Hand fading.
The adder barely misses you. The gnoll hits you with a +0 flail!
* * * LOW HITPOINT WARNING * * *
The adder closely misses you.
You barely miss the gnoll. The adder bites you but does no damage.
The gnoll hits you with a +0 flail.
* * * LOW HITPOINT WARNING * * *
The gnoll hits you but does no damage.
The ball python bites you but does no damage.
The ball python closely misses you. The adder barely misses you.
The gnoll hits you from afar with a +0 spear.
* * * LOW HITPOINT WARNING * * *
The gnoll hits you with a +0 flail!
You die...

#.# .##S#.#..g..#
..#?.#.###...####
.##g.
##...##....#
.##.#
...#.#..#...# . K
#.##.##g.# .
#..##..# ?#
.##.gK.# .#
#.##Sg..# .
#.@S..#
.##...#### ###.#
..# ...# #####


You could see 3 gnolls, an adder, a ball python and a kobold.

Vanquished Creatures
  2 adders (D:2)
  2 worms (D:2)
  A dart slug (D:1)
  2 bats (D:1)
  5 endoplasms
  3 giant cockroaches
  A goblin (D:1)
  4 hobgoblins
  2 jackals (D:2)
  A kobold (D:1)
  3 ball pythons
  4 frilled lizards
  4 rats
34 creatures vanquished.

Notes
Turn   | Place    | Note
-------+----------+-------------------------------------------
     0 | D:1      | Promethias the Draconian Berserker began the quest for the
                  | Orb.
     0 | D:1      | Reached XP level 1. HP: 19/19 MP: 1/1
   272 | D:1      | Reached XP level 2. HP: 25/26 MP: 2/2
   856 | D:2      | Found a faded altar of an unknown god.
   941 | D:2      | Reached XP level 3. HP: 27/33 MP: 3/3
  1210 | D:2      | Reached ** piety under Trog
  1401 | D:2      | HP: 1/33 [gnoll/+0 spear (4)]
  1401 | D:2      | Mangled by a gnoll

Illustrated notes

Levels and vault maps discovered:
D:1:      co_arrival_hexagon_in_a_hexagon, layout_basic, chequers_garden
D:2:      layout_basic, hellmonk_ecumenical_altar_slurped_away,
          hangedman_decor_growths, minmay_pentomino_pile

Skill      XL: |  1  2 |
---------------+-------+-----
Dodging        | 3 |  3.2
Fighting       | |  3.8
Long Blades    | |  3.8
Stealth        | |  0.9

Action                   || total
-------------------------++-------
Melee: Falchion          ||    89
       Tailslap          ||    11
       Trident           ||    17
Invok: Berserk           ||     1
       Trog's Hand       ||     1
  Use: Scroll            ||     6
       Potion            ||     1
 Stab: Sleeping          ||     3
Armor: Skin              ||    39
Dodge: Dodged            ||    87
